 Dungeon Crawl Stone Soup version 0.31.0-9-g3a7656b989 (webtiles) character file.

Game seed: 6070225713608143012

34814 Placeboclown the Grappler (level 13, -8/131 HPs)
             Began as a Troll Shapeshifter on Feb 6, 2024.
             Mangled by an eight-headed hydra (12 damage)
             ... on level 5 of the Lair of Beasts.
             The game lasted 00:46:16 (16878 turns).

Placeboclown the Grappler (Troll Shapeshifter)     Turns: 16878, Time: 00:46:17

Health: -8/131     AC: 13    Str: 31    XL:     13   Next: 44%
Magic:  12/12      EV: 11    Int:  6    God:
Gold:   982        SH:  0    Dex:  9    Spells: 12/12 levels left

rFire   . .          .
                       - Unarmed
rCold   . . .        (no shield)
rNeg    . . .        R - +0 troll leather armour
rPois   .            (helmet currently unavailable)
rElec   .            O - melded +2 cloak {rPois}
rCorr   .            (gloves unavailable)
SInv    .            (boots unavailable)
Will    .....        S - amulet "Xoesmea" {Faith Str+4 Dex-2 Stlth+}
Stlth   ++           Q - +4 ring of protection
HPRegen 2.01/turn    V - +4 ring of protection
MPRegen 0.13/turn

%: faith
@: beast-form
A: beast (slay +4), large, unfitting armour, claws 3, regeneration 1, shaggy fur
1, tough skin 1
a: Begin Untransformation


You were on level 5 of the Lair of Beasts.
You were a hulking beast.
You visited 3 branches of the dungeon, and saw 17 of its levels.

You collected 982 gold pieces.

Inventory:

Missiles
 l - 6 curare-tipped darts
 v - 134 stones
 G - 59 poisoned darts
 X - 2 atropa-tipped darts
Armour
 a - a +0 robe of fire resistance
 M - the +1 robe "Tathid" {rElec Will+}
   (You took it off an orc on level 8 of the Dungeon)

   rElec:     It insulates you from electricity.
   Will+:     It increases your willpower.
 O - a +2 cloak of poison resistance (melded)
 R - a +0 troll leather armour (worn)
Jewellery
 f - a ring of fire
 t - a ring of ice
 Q - a +4 ring of protection (left claw)
 S - the amulet "Xoesmea" (around neck) {Faith Str+4 Dex-2 Stlth+}
   (You found it on level 10 of the Dungeon)

   [amulet of faith]

   Faith:     It allows you to gain divine favour quickly.
   Str+4:     It affects your strength (+4).
   Dex-2:     It affects your dexterity (-2).
   Stlth+:    It makes you more stealthy.
 T - a ring of fire
 V - a +4 ring of protection (right claw)
 W - a ring of protection from fire
Talismans
 c - a beast talisman (active)
 d - a flux talisman
Wands
 H - a wand of light (18)
 L - a wand of polymorph (25)
 Z - a wand of roots (3)
Scrolls
 e - a scroll of butterflies {unknown}
 i - 5 scrolls of teleportation
 m - a scroll of silence {unknown}
 n - 3 scrolls of fog
 o - 2 scrolls of brand weapon {unknown}
 q - 2 scrolls of blinking
 r - a scroll of torment {unknown}
 u - 3 scrolls of poison
 w - a scroll of acquirement {unknown}
 y - a scroll of identify
 A - 2 scrolls of fear
 C - 2 scrolls of revelation {unknown}
 D - a scroll of enchant weapon
 J - a scroll of enchant armour {unknown}
 N - 3 scrolls of amnesia {unknown}
 Y - a scroll of noise {unknown}
Potions
 b - 4 potions of lignification
 h - 6 potions of heal wounds
 j - a potion of invisibility {unknown}
 k - 2 potions of haste
 p - 7 potions of curing
 s - 3 potions of resistance
 x - a potion of berserk rage {unknown}
 z - a potion of ambrosia {unknown}
 B - a potion of degeneration {unknown}
 E - 3 potions of brilliance
 F - 2 potions of might
 K - 2 potions of enlightenment {unknown}


   Skills:
 + Level 9.3 Fighting
 + Level 9.9 Throwing
 - Level 5.0 Armour
 * Level 6.0 Dodging
 + Level 11.3 Unarmed Combat
 + Level 10.5 Shapeshifting


You had 12 spell levels left.
You didn't know any spells.
Your spell library contained the following spells:

 Spells                   Type           Power      Damage    Failure   Level
 Magic Dart               Conj           0%         1d3       50%         1
 Jinxbite                 Hex            0%         N/A       63%         2
 Searing Ray              Conj           0%         2d4       63%         2
 Dazzling Flash           Conj/Hex       0%         N/A       86%         3
 Frozen Ramparts          Ice            0%         1d1       86%         3
 Tukima's Dance           Hex            0%         N/A       86%         3
 Volatile Blastmotes      Fire/Tloc      0%         2d10      86%         3
 Animate Dead             Necr           0%         N/A       99%         4
 Dimensional Bullseye     Hex/Tloc       0%         N/A       99%         4
 Fulminant Prism          Conj/Alch      0%         3d5       99%         4
 Iskenderun's Mystic Bla  Conj/Tloc      0%         2d3       99%         4
 Leda's Liquefaction      Alch/Erth      0%         N/A       99%         4
 Petrify                  Alch/Erth      0%         N/A       99%         4
 Borgnjor's Vile Clutch   Necr/Erth      0%         N/A       100%        5
 Metabolic Englaciation   Hex/Ice        0%         N/A       100%        5
 Yara's Violent Unravell  Hex/Alch       0%         3d3       100%        5
 Death Channel            Necr           0%         N/A       100%        6
 Starburst                Conj/Fire      0%         6d3       100%        6
 Enfeeble                 Hex            0%         N/A       100%        7
 Maxwell's Capacitive Co  Air            0%         ∞         100%        8


Dungeon Overview and Level Annotations

Branches:
Dungeon (11/15)            Temple (1/1) D:4            Lair (5/5) D:8
  Swamp (0/4) Lair:3       Spider (0/4) Lair:2
  Slime: Lair:4-5       Orc: D:9-12

Altars:
Ashenzari
Cheibriados
Dithmenos
Elyvilon
Fedhas
Gozag
Hepliaklqana
Kikubaaqudgha
Makhleb
Nemelex Xobeh
Okawaru
Qazlal
Ru
Sif Muna
Trog
Uskayaw
Vehumet
Wu Jian
Xom
Yredelemnul
Zin
The Shining One


Innate Abilities, Weirdness & Mutations

You are a hulking beast.
Your limbs bulge with bestial killing power. (Slay +4)
You are too large for most types of armour.
You have claws for hands.
Your natural rate of healing is unusually fast.
You are covered in fur. (AC +1)
You have tough skin. (AC +1)


Message History

The eight-headed hydra bites you!
* * * LOW HITPOINT WARNING * * *
The eight-headed hydra barely misses you.
The eight-headed hydra bites you but does no damage.
The eight-headed hydra bites you!
* * * LOW HITPOINT WARNING * * *
The eight-headed hydra bites you!
* * * LOW HITPOINT WARNING * * *
The eight-headed hydra barely misses you.
Unknown command.
Throw: 2 javelins (silver)
Press: ? - help, Q - select action, (/) - cycle Shift-Dir - straight line, f/p - eight-headed hydra
Aim: an eight-headed hydra (almost dead, 82% to hit)
You throw a silver javelin.
The silver javelin pierces through the eight-headed hydra.
The eight-headed hydra is almost dead.
The eight-headed hydra bites you!
* * * LOW HITPOINT WARNING * * *
The eight-headed hydra bites you but does no damage. x2
The eight-headed hydra bites you.
* * * LOW HITPOINT WARNING * * *
The eight-headed hydra barely misses you.
The eight-headed hydra bites you.
* * * LOW HITPOINT WARNING * * *
The eight-headed hydra bites you.
* * * LOW HITPOINT WARNING * * *
The eight-headed hydra barely misses you.
Unknown command.
Okay, then.
Throw: javelin (silver)
Press: ? - help, Q - select action, (/) - cycle Shift-Dir - straight line, f/p - eight-headed hydra
Aim: an eight-headed hydra (almost dead, 82% to hit)
Okay, then.
Throw: javelin (silver)
Press: ? - help, Q - select action, (/) - cycle Shift-Dir - straight line, f/p - eight-headed hydra
Aim: an eight-headed hydra (almost dead, 82% to hit)
You throw a silver javelin.
The silver javelin completely misses the eight-headed hydra.
The eight-headed hydra bites you!
You die...

.. ...## #...#
....... ##..P#
.#...## ###....#
.....## #.D..#.#
#..... ###....###
#.#..###.....P#
#..P.#.....###
##..P#...###
##h.......P#
#.D......###
#............#
...............P.
....#..(...........
....####.........##
... ###...#.#.# ..
.....#### ...P.


You could see an eight-headed hydra.

Vanquished Creatures
  2 hydras
  A catoblepas (Lair:2)
  A two-headed ogre (D:11)
  Nergalle (D:11)
  4 lindwurms
  6 elephants (Lair:3)
  Maurice (D:8)
  3 manticores (D:11)
  6 black mambas
  5 cane toads
  A kobold demonologist (D:9)
  9 komodo dragons
  4 rime drakes
  A troll (D:10)
  A polar bear (Lair:1)
  Prince Ribbit (D:6)
  2 hornets
  19 blink frogs
  6 dream sheep (Lair:3)
  Sigmund (D:6)
  A shadow (D:11)
  A vampire (D:9)
  7 wyverns
  2 wraiths
  28 yaks
  6 basilisks
  2 steam dragons
  4 vampire mosquitoes (D:10)
  A swamp worm (Lair:3)
  14 water moccasins
  2 acid dragons
  3 orc warriors
  A sky beast (D:5)
  2 ice beasts
  An ogre (D:6)
  4 wolves (Lair:2)
  4 centaurs
  A phantom (D:5)
  14 kobold brigands
  8 bullfrogs
  4 wights
  8 scorpions
  7 electric eels
  5 howler monkeys
  2 jellies
  3 orc priests
  4 hounds
  Terence (D:2)
  4 iguanas
  5 orc wizards
  6 hell rats (Lair:2)
  7 adders
  2 white imps
  4 ufetubi
  2 dart slugs
  A ribbon worm (D:3)
  27 orcs
  6 bats
  8 endoplasms
  2 giant cockroaches
  10 goblins
  5 hobgoblins
  4 jackals
  4 quokkas
  9 ball pythons
  6 frilled lizards
  26 kobolds
  8 rats
361 creatures vanquished.

Notes
Turn   | Place    | Note
-------+----------+-------------------------------------------
     0 | D:1      | Placeboclown the Troll Shapeshifter began the quest for the
                  | Orb.
     0 | D:1      | Reached XP level 1. HP: 18/18 MP: 0/0
    66 | D:1      | Reached skill level 1 in Fighting
    90 | D:1      | Reached XP level 2. HP: 27/27 MP: 1/1
   312 | D:1      | Reached XP level 3. HP: 33/33 MP: 2/2
   984 | D:2      | Noticed Terence
   996 | D:2      | Killed Terence
  1145 | D:2      | Reached XP level 4. HP: 41/41 MP: 3/3
  1203 | D:2      | Found a stormy altar of Qazlal.
  1213 | D:2      | Reached skill level 1 in Throwing
  1476 | D:2      | You fall into a shaft and drop 2 floors!
  1481 | D:4      | Noticed a scorpion
  1958 | D:3      | Found a faded altar of an unknown god.
  2210 | D:3      | Reached XP level 5. HP: 49/49 MP: 4/4
  2556 | D:4      | Found a staircase to the Ecumenical Temple.
  2616 | D:4      | Reached skill level 4 in Unarmed Combat
  2616 | D:4      | Reached XP level 6. HP: 41/57 MP: 5/5
  2638 | D:4      | Found a hide-covered altar of Uskayaw.
  3013 | D:5      | Entered Level 5 of the Dungeon
  3231 | D:4      | Reached XP level 7. HP: 59/66 MP: 6/6
  3749 | D:5      | Found an ornate altar of the Wu Jian Council.
  4299 | D:5      | Reached skill level 5 in Unarmed Combat
  4469 | D:6      | Reached XP level 8. HP: 57/75 MP: 7/7
  4736 | D:6      | Found a sparkling altar of Nemelex Xobeh.
  4802 | D:6      | Noticed Sigmund
  4828 | D:6      | Killed Sigmund
  4829 | D:6      | Reached skill level 5 in Shapeshifting
  5050 | D:6      | Noticed Prince Ribbit
  5058 | D:6      | Killed Prince Ribbit
  5696 | Temple   | Entered the Ecumenical Temple
  5965 | D:7      | Found a sacrificial altar of Ru.
  6137 | D:7      | Found an iron altar of Okawaru.
  6144 | D:7      | Reached skill level 6 in Unarmed Combat
  6264 | D:7      | Found a stormy altar of Qazlal.
  6372 | D:7      | Reached XP level 9. HP: 78/85 MP: 8/8
  7204 | D:8      | Identified the +1 robe "Tathid" {rElec Will+}
  7297 | D:8      | Reached skill level 5 in Dodging
  7308 | D:8      | Reached skill level 5 in Throwing
  7308 | D:8      | Reached skill level 1 in Armour
  7384 | D:8      | Found a shimmering blue altar of Sif Muna.
  7387 | D:8      | Noticed Maurice
  7902 | D:8      | Reached skill level 5 in Fighting
  7981 | D:8      | Found a staircase to the Lair.
  8177 | D:8      | Reached skill level 7 in Unarmed Combat
  8336 | D:8      | Found a basalt altar of Yredelemnul.
  8609 | D:8      | Reached XP level 10. HP: 73/96 MP: 9/9
  8989 | D:8      | Maurice stole a flux talisman
  8991 | D:8      | Killed Maurice
  9978 | D:9      | Found a radiant altar of Vehumet.
 10487 | D:10     | Entered Level 10 of the Dungeon
 10626 | D:10     | Reached skill level 8 in Unarmed Combat
 10647 | D:10     | Paralysed by a hornet for 2 turns
 10721 | D:10     | Identified the amulet "Xoesmea" {Faith Str+4 Dex-2 Stlth+}
 11160 | D:11     | Noticed a manticore
 11204 | D:11     | Noticed a manticore
 11218 | D:11     | Killed a manticore
 11219 | D:11     | Reached XP level 11. HP: 95/107 MP: 10/10
 11226 | D:11     | Noticed Nergalle
 11537 | D:11     | Killed Nergalle
 11653 | D:11     | Noticed a two-headed ogre
 11656 | D:11     | Killed a two-headed ogre
 12194 | Lair:1   | Entered Level 1 of the Lair of Beasts
 12280 | Lair:1   | Reached skill level 5 in Armour
 12285 | Lair:1   | Reached skill level 9 in Unarmed Combat
 12405 | Lair:1   | Noticed a lindwurm
 12409 | Lair:1   | Noticed a lindwurm
 12431 | Lair:1   | Killed a lindwurm
 12569 | Lair:1   | Killed a lindwurm
 12605 | Lair:1   | Noticed a lindwurm
 12611 | Lair:1   | Killed a lindwurm
 12765 | Lair:1   | Reached XP level 12. HP: 112/118 MP: 11/11
 13782 | Lair:2   | Found a hole to the Spider Nest.
 13829 | Lair:2   | Reached skill level 10 in Unarmed Combat
 13882 | Lair:2   | Noticed a seven-headed hydra
 14255 | Lair:2   | Killed a seven-headed hydra
 14381 | Lair:2   | Noticed a catoblepas
 14398 | Lair:2   | Killed a catoblepas
 14556 | Lair:3   | Found the +9 scales of the Dragon King {rPois rF+ rC+
                  | Will+}
 14741 | Lair:3   | Reached skill level 10 in Shapeshifting
 15052 | Lair:3   | Found a staircase to the Swamp.
 15189 | Lair:3   | Reached XP level 13. HP: 107/130 MP: 12/12
 15335 | Lair:3   | Reached skill level 11 in Unarmed Combat
 16746 | Lair:5   | Entered Level 5 of the Lair of Beasts
 16877 | Lair:5   | HP: 2/131 [eight-headed hydra (5)]
 16878 | Lair:5   | Mangled by an eight-headed hydra

Illustrated notes

Levels and vault maps discovered:
D:1:      wander_arrival_fairy_ring, layout_basic, minmay_crystal_water,
          serial_park_tiny_2, chequers_serial_rivers_micro_c,
          minmay_misc_feat_chi, glass_columns_a
D:2:      layout_basic, basic_altar, uniq_terence
D:3:      layout_loops_ring, ebering_ecumenical_altar_ruins,
          kennysheep_small_spiral, hangedman_feature_mirror
D:4:      layout_rooms, eat_drink_and_be_merry_uskayaw,
          minmay_temple_entry_statues_fountains, corexii_hall_statues_u,
          kennysheep_another_room, minmay_misc_feat_enclosed
D:5:      layout_cave_pods, lemuel_doored_altar
D:6:      wad_lake_hut, layout_rooms, nemelex_diamond_rough_becter,
          serial_bayou, serial_bayou_lagoon_a, serial_bayou_shore_a,
          serial_bayou_crossing, serial_bayou_pond_b, minmay_misc_feat_cross,
          uniq_sigmund, uniq_prince_ribbit1
D:7:      layout_basic, nicolae_ru_path_of_blood, grunt_qazlal_sundering,
          mainiacjoe_overflow_tiny_flanked, columned_hall_lemuel
D:8:      layout_loops_corners, mainiacjoe_overflow_large_starburst,
          minmay_lair_entry_grove, minivault_14, uniq_maurice
D:9:      layout_roguey [special_room_kobold],
          mainiacjoe_overflow_concentric_impassable
D:10:     layout_big_octagon, minmay_variable_closet
D:11:     layout_stronghold, uniq_nergalle
Temple:   nicolae_temple_figure_eight
Lair:1:   layout_roguey, nicolae_lair_lindhole
Lair:2:   layout_roguey, spider_nest_entry_web_field,
          nicolae_quartered_pool_impasse, chequers_serial_rivers_small_a,
          beast_lair_carwin_11
Lair:3:   layout_regular_city, nicolae_swamp_entry_splash_gauntlet
Lair:4:   layout_regular_city, serial_bayou_pond_e, minmay_lindwurm_lava
Lair:5:   evilmike_catoblepas_cave, layout_layer_cave, slime_entry_2

Skill      XL: |  1  2  3  4  5  6  7  8  9 10 11 12 13 |
---------------+----------------------------------------+-----
Fighting       | 1 2 3 4 5 6 7 8 9 |  9.3
Dodging        | 2 3 4 5 6 |  6.0
Throwing       | 1 2 3 4 5 6 8 9 |  9.9
Unarmed Combat | 4 5 6 7 8 9 10 11 | 11.3
Shapeshifting  | 4 5 6 7 8 10 | 10.5
Armour         | 2 4 5 |  5.0

Action                     |  1- 3 |  4- 6 |  7- 9 | 10-12 | 13-15 || total
---------------------------+-------+-------+-------+-------+-------++-------
  Melee: Unarmed           |    79 |   153 |   226 |   637 |   141 ||  1236
         Punch             |     1 |     2 |    12 |    36 |    17 ||    68
  Throw: Javelin           |       |       |     4 |     8 |     3 ||    15
         Dart              |       |       |       |     2 |       ||     2
         Large rock        |       |       |       |     7 |     5 ||    12
         Stone             |       |       |       |       |    11 ||    11
Ability: Begin Untransform |       |       |     1 |       |       ||     1
  Evoke: Wand              |       |       |       |     7 |       ||     7
    Use: Scroll            |       |       |     2 |    15 |       ||    17
         Potion            |       |       |       |     1 |       ||     1
   Stab: Sleeping          |     1 |     1 |       |     2 |     1 ||     5
 Armour: Animal skin       |    52 |    99 |   162 |       |       ||   313
         Robe              |       |       |    14 |   148 |       ||   162
         Troll leather arm |       |       |       |   399 |   170 ||   569
  Dodge: Dodged            |    35 |    76 |   109 |   277 |    87 ||   584
   Form: Beast             |     1 |       |       |     1 |       ||     2
